 Dungeon Crawl Stone Soup version 0.12.3 (webtiles) character file.

1338 MackTheKnife the Cleaver (level 8, 0/73 HPs)
             Began as a Deep Dwarf Fighter on Nov 13, 2023.
             Was an Initiate of Makhleb.
             Slain by a slave (3 damage)
             ... led by Pikel
             ... on Level 8 of the Dungeon.
             The game lasted 00:12:22 (5152 turns).

MackTheKnife the Cleaver (Deep Dwarf Fighter)       Turns: 5152, Time: 00:12:22

HP   0/73        AC 10     Str 20      XL: 8   Next: 24%
MP   7/7         EV  6     Int 11      God: Makhleb [......]
Gold 107         SH 21     Dex 13      Spells:  0 memorised,  7 levels left

Res.Fire  : . . .   See Invis. : .   p - +2,+1 war axe (curse)
Res.Cold  : . . .   Warding    : .   l - +2 ring mail of Seyrol {Int+1}
Life Prot.: . . .   Conserve   : .   c - +0 dwarf shield
Res.Poison: .       Res.Corr.  : +   e - +1 dwarf helmet
Res.Elec. : .       Clarity    : .   (no cloak)
Sust.Abil.: . .     Spirit.Shd : .   (no gloves)
Res.Mut.  : .       Stasis     : .   (no boots)
Res.Rott. : .       Ctrl.Telep.: .   a - amulet of resist corrosion {unknown}
Saprovore : . . .   Flight     : .   (no ring)
                                     (no ring)

@: non-regenerating, somewhat resistant to hostile enchantments, very unstealthy
A: damage resistance, recharge devices, sense surroundings 1, slow healing 3
a: Device Recharging, Renounce Religion


You were on level 8 of the Dungeon.
You worshipped Makhleb.
Makhleb was pleased with you.
You were not hungry.

You visited 2 branches of the dungeon, and saw 9 of its levels.

You collected 325 gold pieces.
You spent 238 gold pieces at shops.

Inventory:

Hand weapons
 p - a cursed +2,+1 war axe (weapon)
Armour
 b - a +0 dwarven scale mail
 c - a +0 dwarven shield (worn)
 e - a +1 dwarven helmet (worn)
 l - the cursed +2 ring mail of Seyrol (worn) {Int+1}
   (You found it on level 6 of the Dungeon)

   It affects your intelligence (+1).
   It has a curse placed upon it.
Magical devices
 d - a wand of heal wounds (0)
Comestibles
 f - 2 bread rations
 i - a meat ration
 u - 5 grapes
 v - a pear
Scrolls
 g - a scroll of curse weapon {unknown}
 h - a scroll of curse armour {unknown}
 j - 3 scrolls of teleportation
 k - 2 scrolls of remove curse
 m - a scroll of random uselessness
 w - 2 scrolls of blinking
 x - a scroll of immolation
 y - a scroll of amnesia {unknown}
Jewellery
 a - an amulet of resist corrosion (around neck) {unknown}
 t - the ring "Klaomale" {Fire Int-3}
   (You found it on level 4 of the Dungeon)

   [ring of fire]

   It affects your intelligence (-3).
Potions
 n - a potion of degeneration {unknown}


   Skills:
 + Level 4.8 Fighting
 + Level 9.5 Axes
 - Level 3.2 Armour
 - Level 3.2 Shields


You had 7 spell levels left.
You didn't know any spells.

Dungeon Overview and Level Annotations

Branches:
Dungeon (8/27)             Temple (1/1) D:6
    Orc: D:6-11        Lair: D:8-13

Altars:
Ashenzari
Cheibriados
Elyvilon
Fedhas
Kikubaaqudgha
Makhleb
Nemelex Xobeh
Okawaru
Sif Muna
Trog
Vehumet
Xom
Yredelemnul
Zin
the Shining One

Shops:
D:4: ? D:5: (*

Annotations
D:4 exclusion: statue
D:7 exclusion: door


Innate Abilities, Weirdness & Mutations

You are resistant to damage.
You can recharge devices by infusing magical energy.
You passively map a small area around you.
You do not heal naturally.


Message History

You feel a little less agile now.
Things that are here:
an orcish dagger; an orcish robe The orc throws an orcish dagger.
You block the orcish dagger.
Found a stone staircase leading down.
You see here an orcish dagger.
There is a stone staircase leading down here.
You climb downwards.
A slave comes into view.
The slave shouts!
You hear a shout!
You hear a shout!
You hear a shout!
You hear a shout!
You hear a horrible gurgling sound!
Found a blackened glass wand.
There is a stone staircase leading up here.
A slave comes into view.
Drink which item? (? for menu, Esc to quit)
You feel refreshed.
You slash the slave!
The slave is moderately wounded.
The slave hits you.
You die...

, , , * **
#+** #. #.
######.###
#/........#
#.......<.#
#........@# *
........@# *
, ........@K
,
*.........##*
** ........#
* , .......#
#######


You could see Pikel and 2 slaves.

Vanquished Creatures
  Menkaure (D:4)
  A sky beast (D:6)
  A phantom (D:4)
  A centaur (D:7)
  A giant frog (D:5)
  A giant frog zombie (D:3)
  A water moccasin skeleton (D:5)
  2 crimson imps
  A crocodile zombie (D:5)
  3 orc priests
  An orc wizard (D:7)
  A scorpion (D:4)
  A worker ant (D:6)
  A hound (D:5)
  A gnoll shaman (D:5)
  2 iguanas
  Ijyb (D:6)
  6 adders
  4 gnolls (D:6)
  An iguana skeleton (D:3)
  2 adder zombies (D:3)
  2 giant mites
  A bat skeleton (D:3)
  A gnoll zombie (D:5)
  A giant eyeball (D:5)
  7 giant geckos
  An ooze (D:4)
  18 orcs
  A ball python (D:1)
  6 giant cockroaches
  11 goblins
  14 hobgoblins
  7 jackals
  4 quokkas
  18 bats
  8 giant newts
  2 goblin skeletons (D:3)
  A hobgoblin skeleton (D:3)
  2 hobgoblin zombies
  7 kobolds
  A kobold skeleton (D:3)
  2 orc skeletons (D:3)
  A quokka skeleton (D:4)
  12 rats
162 creatures vanquished.

Vanquished Creatures (others)
  A goblin (D:6)
  A quokka (D:6)
  A rat (D:4)
3 creatures vanquished.

Grand Total: 165 creatures vanquished

Notes
Turn   | Place    | Note
--------------------------------------------------------------
     0 | D:1      | MackTheKnife, the Deep Dwarf Fighter, began the quest for the Orb.
     0 | D:1      | Reached XP level 1. HP: 21/21 MP: 0/0
   124 | D:1      | Reached XP level 2. HP: 24/28 MP: 1/1
   583 | D:2      | Reached skill level 4 in Axes
   583 | D:2      | Reached XP level 3. HP: 23/34 MP: 2/2
  1150 | D:3      | Found a shattered altar of Ashenzari.
  1166 | D:3      | Reached XP level 4. HP: 20/43 MP: 3/3
  1245 | D:3      | Reached skill level 5 in Axes
  1534 | D:3      | Reached XP level 5. HP: 22/49 MP: 4/4
  1568 | D:3      | Noticed a giant frog zombie
  1578 | D:3      | Killed a giant frog zombie
  1578 | D:3      | Reached skill level 6 in Axes
  1716 | D:3      | Found a bloodstained altar of Trog.
  1819 | D:4      | Got a sparkling wooden ring
  1820 | D:4      | Identified the ring "Klaomale" {Fire Int-3} (You found it on level 4 of the Dungeon)
  2051 | D:4      | Noticed a phantom
  2078 | D:4      | Killed a phantom
  2078 | D:4      | Reached skill level 7 in Axes
  2078 | D:4      | Reached XP level 6. HP: 36/56 MP: 5/5
  2178 | D:4      | Found Morphigg's Magic Scroll Shoppe.
  2193 | D:4      | Bought a scroll of remove curse for 42 gold pieces
  2193 | D:4      | Bought a scroll of enchant armour for 77 gold pieces
  2193 | D:4      | Bought a scroll of blinking for 77 gold pieces
  2193 | D:4      | Bought a scroll of identify for 28 gold pieces
  2193 | D:4      | Bought a scroll of immolation for 14 gold pieces
  2392 | D:4      | Found a radiant altar of Vehumet.
  2483 | D:4      | Noticed Menkaure
  2497 | D:4      | Killed Menkaure
  2497 | D:4      | Reached skill level 8 in Axes
  2549 | D:4      | Reached XP level 7. HP: 30/63 MP: 6/6
  2694 | D:5      | Entered Level 5 of the Dungeon
  2730 | D:5      | Paralysed by a giant eyeball for 4 turns
  2737 | D:5      | Paralysed by a giant eyeball for 2 turns
  2743 | D:5      | Paralysed by a giant eyeball for 4 turns
  2958 | D:5      | Found Luppugus' General Store.
  3391 | D:5      | Found Qayseza's Weapon Boutique.
  3682 | D:5      | Reached skill level 9 in Axes
  3715 | D:6      | Found a sparkling altar of Nemelex Xobeh.
  4192 | D:6      | Found a staircase to the Ecumenical Temple.
  4202 | Temple   | Entered the Ecumenical Temple
  4425 | Temple   | Became a worshipper of Makhleb the Destroyer
  4446 | D:6      | Noticed Ijyb
  4464 | D:6      | Killed Ijyb
  4581 | D:6      | Got a bloodstained ring mail
  4597 | D:6      | Identified the cursed +2 ring mail of Seyrol {Int+1} (You found it on level 6 of the Dungeon)
  4640 | D:6      | Reached XP level 8. HP: 31/73 MP: 7/7
  5086 | D:7      | HP: 3/73 [orc/orcish hammer (6)]
  5152 | D:8      | Slain by a slave

Action                   |  1- 3 |  4- 6 |  7- 9 || total
-------------------------+-------+-------+-------++-------
Melee: Hand axe          |   103 |       |       ||   103
       War axe           |    56 |   208 |   222 ||   486
Evoke: Wand              |       |     4 |     2 ||     6
  Use: Scroll            |     4 |     8 |     4 ||    16
       Potion            |       |       |    11 ||    11
